 Dungeon Crawl Stone Soup version 0.25-a0-734-g73332aeda9 (webtiles) character file.

Game seed: 4518390031437845174, levelgen mode: classic

7533 Amnesiac the Frost Mage (level 11, -6/74 HPs)
             Began as a Ghoul Ice Elementalist on Apr 10, 2020.
             Was an Elder of Vehumet.
             Mangled by an orc
             ... wielding a +0 flail
              (7 damage)
             ... on level 11 of the Dungeon.
             The game lasted 00:28:01 (8231 turns).

Amnesiac the Frost Mage (Ghoul Ice Elementalist)    Turns: 8231, Time: 00:28:01

Health: -6/74      AC:  8    Str: 13    XL:     11   Next: 16%
Magic:  31/40      EV: 12    Int: 13    God:    Vehumet [****..]
Gold:   837        SH:  0    Dex:  9    Spells: 11/27 levels left

rFire    . . .     SeeInvis .   a - +4 short sword (protect)
rCold    + . .     Gourm    .   (no shield)
rNeg     + + +     Faith    .   o - +2 robe
rPois    ∞         Spirit   .   j - +0 helmet
rElec    .         Reflect  .   (no cloak)
rCorr    .         Harm     .   (no gloves)
MR       .....                  x - +2 pair of boots
Stlth    ++........             n - amulet of magic regeneration
HPRegen  0.00/turn              k - ring of magical power
MPRegen  0.52/turn              p - ring of magical power

@: frozen ramparts, rotting
A: rotting body, claws 1, carnivore, cold resistance 1, negative energy
resistance 3, inhibited regeneration, torment resistance, unbreathing
a: Renounce Religion


You were on level 11 of the Dungeon.
You worshipped Vehumet.
Vehumet was greatly pleased with you.
You were not hungry.

You visited 1 branch of the dungeon, and saw 11 of its levels.

You collected 837 gold pieces.

Inventory:

Hand Weapons
 a - a +4 short sword of protection (weapon)
Missiles
 f - 31 poisoned darts (quivered)
Armour
 j - a +0 helmet (worn)
 o - a +2 robe (worn)
 x - a +2 pair of boots (worn)
Jewellery
 k - a ring of magical power (left claw)
 n - an amulet of magic regeneration (around neck)
 p - a ring of magical power (right claw)
Wands
 d - a wand of flame (18)
 l - a wand of polymorph (15)
 m - a wand of enslavement (31)
 s - a wand of iceblast (8)
 v - a wand of random effects (14)
 y - a wand of acid (7)
Scrolls
 e - 3 scrolls of teleportation {!r}
 h - a scroll of enchant armour {!r}
 w - a scroll of magic mapping {!r}
 A - a scroll of vulnerability {!r, unknown}
 D - 5 scrolls of fog {!r}
Potions
 b - 4 potions of flight {!q}
 g - 2 potions of might {!q}
 i - 5 potions of curing {!q}
 q - a potion of haste {!q, unknown}
 r - a potion of degeneration {!q, unknown}
 t - a potion of magic {!q}
 u - a potion of cancellation {!q}
 z - 2 potions of heal wounds {!q}
 B - 2 potions of brilliance {!q, unknown}
Comestibles
 c - 14 rations


   Skills:
 - Level 1.7 Dodging
 - Level 2.1 Stealth
 + Level 8.5 Spellcasting
 * Level 14.9 Ice Magic


You had 11 spell levels left.
You knew the following spells:

 Your Spells              Type           Power        Failure   Level  Hunger
a - Freeze                Ice            ####         1%          1    None
b - Frozen Ramparts       Ice            #####.       1%          3    ##.....
c - Summon Ice Beast      Ice/Summ       ###.....     6%          4    ####...
d - Hailstorm             Conj/Ice       ###.....     1%          4    ####...
s - Foxfire               Conj/Fire      #...         3%          1    None
z - Ozocubu's Armour      Chrm/Ice       ###.....     1%          3    ##.....

Your spell library contained the following spells:

 Spells                   Type           Power        Failure   Level  Hunger
 Iskenderun's Battlesphe  Conj/Chrm      #.......     63%         5    #####..
 Magic Dart               Conj           #...         3%          1    None
 Searing Ray              Conj           #.....       5%          2    None
 Dazzling Flash           Conj/Hex       #.....       11%         3    ##.....
 Summon Small Mammal      Summ           #...         13%         1    None
 Call Imp                 Summ           #.......     21%         2    None
 Fulminant Prism          Conj/Hex       #.........   32%         4    ####...
 Iskenderun's Mystic Bla  Conj/Tloc      #.......     32%         4    ####...
 Call Canine Familiar     Summ           #.......     36%         3    ##.....
 Summon Guardian Golem    Hex/Summ       #.......     36%         3    ##.....
 Summon Lightning Spire   Summ/Air       #.......     78%         4    ####...


Dungeon Overview and Level Annotations

Branches:
Dungeon (11/15)            Temple (0/1) D:7            Lair (0/6) D:10
    Orc: D:9-12

Altars:
Cheibriados
Dithmenos
Elyvilon
Gozag
Hepliaklqana
Kikubaaqudgha
Makhleb
Okawaru
Ru
Sif Muna
Trog
Uskayaw
Vehumet
Wu Jian
Xom
Yredelemnul
Zin
The Shining One

Shops:
D:9 *


Innate Abilities, Weirdness & Mutations

Your body is rotting away.
You thrive on raw meat.
You are immune to poison.
You have sharp fingernails.
You are carnivorous and can eat meat at any time.
Your flesh is cold resistant. (rC+)
You are immune to negative energy. (rN+++)
You do not regenerate when monsters are visible.
You are immune to unholy pain and torment.
You can survive without breathing.


Message History

The centaur warrior skeleton completely resists.
The wall freezes the centaur warrior skeleton but do no damage.
There is an open door, spattered with blood here.
Things that are here:
2 large rocks; a cyclops skeleton The centaur warrior skeleton completely resists.
The wall freezes the centaur warrior skeleton but do no damage.
The centaur warrior skeleton completely resists.
The wall freezes the centaur warrior skeleton but do no damage.
The centaur warrior skeleton hits you but does no damage.
You barely miss the centaur warrior skeleton.
The centaur warrior skeleton is severely damaged.
The centaur warrior skeleton completely resists.
The wall freezes the centaur warrior skeleton but do no damage.
The centaur warrior skeleton hits you but does no damage.
You hit the centaur warrior skeleton.
Your weapon exudes an aura of protection.
The centaur warrior skeleton is almost destroyed.
The centaur warrior skeleton completely resists.
The wall freezes the centaur warrior skeleton but do no damage.
The centaur warrior skeleton hits you but does no damage.
Unknown command.
Casting: Frozen Ramparts (safe; 1% risk of failure)
Confirm with . or Enter, or press ? or * to list all spells.
You cannot sustain more frozen ramparts right now.
Unknown command.
The centaur warrior skeleton completely resists.
The wall freezes the centaur warrior skeleton but do no damage.
The centaur warrior skeleton hits you but does no damage.
The centaur warrior skeleton resists.
The wall freezes the centaur warrior skeleton.
The centaur warrior skeleton hits you.
* * * LOW HITPOINT WARNING * * *
The frozen ramparts melt away.
You see here a large rock.
An orc comes into view. It is wielding a +0 flail.
The centaur warrior skeleton barely misses you.
There is a stone staircase leading down here.
Casting: Frozen Ramparts (safe; 1% risk of failure)
Confirm with . or Enter, or press ? or * to list all spells.
The walls around you are covered in ice.
The orc shouts!
The centaur warrior skeleton resists.
The wall freezes the centaur warrior skeleton.
The centaur warrior skeleton barely misses you.
The centaur warrior skeleton completely resists.
The wall freezes the centaur warrior skeleton but do no damage.
The centaur warrior skeleton completely resists.
The wall freezes the centaur warrior skeleton but do no damage.
The centaur warrior skeleton completely resists.
The wall freezes the centaur warrior skeleton but do no damage.
The orc hits you with a +0 flail.
* * * LOW HITPOINT WARNING * * *
You closely miss the orc.
The centaur warrior skeleton resists.
The wall freezes the centaur warrior skeleton.
The centaur warrior skeleton closely misses you.
The centaur warrior skeleton resists.
The wall freezes the centaur warrior skeleton.
The centaur warrior skeleton barely misses you.
The orc barely misses you.
The centaur warrior skeleton resists.
The wall freezes the centaur warrior skeleton.
The orc hits you with a +0 flail!
You die...

.# ###+######## .#
#..........# #####.##
#...(......# #......#
#...<....(.# ####......##.
#..........###....).......
#........Z.))..##.)...[##
#...(>...o@#######)#####
##(######### #..<.## #<##
####..# #..# ##.#
######.##### #.#
#..........# ...
#......._..# .(...
#...........# .......
#...........# .........


You could see an orc and a centaur warrior skeleton.

Vanquished Creatures
  A cyclops (D:11)
  An oklob plant (D:11)
  Prince Ribbit (D:6)
  A hippogriff (D:10)
  3 yaks (D:10)
  A hungry ghost (D:8)
  2 humans (D:8)
  A steam dragon (D:11)
  A water moccasin (D:8)
  Duvessa (D:7)
  6 sky beasts
  5 orc warriors
  2 ice beasts
  3 eyes of draining (D:6)
  A phantom (D:11)
  5 ogres
  5 centaurs
  Blork the orc (D:5)
  A big kobold (D:6)
  3 bullfrogs
  Dowan (D:7)
  2 scorpions
  3 wights (D:8)
  6 howler monkeys
  2 bullfrog zombies
  3 crimson imps
  3 hounds
  A centaur zombie (D:9)
  3 jellies
  4 orc priests
  A centaur skeleton (D:8)
  4 orc wizards
  A bullfrog skeleton (D:8)
  3 iguanas
  4 worker ants
  A hound zombie (D:7)
  2 howler monkey zombies
  A worker ant zombie (D:7)
  3 gnolls (D:4)
  8 adders
  2 shadow imps
  An ooze (D:3)
  3 adder zombies
  3 worms
  8 leopard geckos
  22 orcs
  6 bats
  4 giant cockroaches
  4 hobgoblins
  14 jackals
  11 kobolds
  5 quokkas
  4 frilled lizards (D:2)
  7 goblins
  A leopard gecko skeleton (D:4)
  A quokka skeleton (D:4)
  A quokka zombie (D:6)
  5 rats
  A plant (D:11)
204 creatures vanquished.

Vanquished Creatures (collateral kills)
  Harold (D:7)
  2 yaks (D:10)
  A phantom (D:10)
  A scorpion (D:10)
  A howler monkey (D:10)
  A hound (D:10)
  A centaur skeleton (D:10)
  5 orcs
13 creatures vanquished.

Vanquished Creatures (others)
  A quokka (D:4)
  69 foxfires
  2 plants (D:11)
  5 toadstools (D:5)
77 creatures vanquished.

Grand Total: 294 creatures vanquished

Notes
Turn   | Place    | Note
-------+----------+-------------------------------------------
     0 | D:1      | Amnesiac the Ghoul Ice Elementalist began the quest for the
                  | Orb.
     0 | D:1      | Reached XP level 1. HP: 14/14 MP: 2/2
   221 | D:2      | Noticed an orc priest
   565 | D:3      | Reached XP level 2. HP: 20/20 MP: 0/4
   645 | D:3      | Reached skill level 5 in Ice Magic
   842 | D:3      | Reached XP level 3. HP: 19/26 MP: 2/5
   847 | D:3      | Learned a level 3 spell: Frozen Ramparts
   864 | D:3      | Found a snail-covered altar of Cheibriados.
  1164 | D:4      | Noticed an ogre
  1176 | D:4      | Killed an ogre
  1176 | D:4      | Reached skill level 6 in Ice Magic
  1176 | D:4      | Reached XP level 4. HP: 33/33 MP: 7/7
  1176 | D:4      | Reached XP level 5. HP: 38/38 MP: 8/8
  1186 | D:5      | Entered Level 5 of the Dungeon
  1251 | D:4      | Found a hazy altar of Hepliaklqana.
  1272 | D:4      | Found a sacrificial altar of Ru.
  1291 | D:4      | Found a radiant altar of Vehumet.
  1308 | D:4      | Became a worshipper of Vehumet
  1405 | D:2      | Learned a level 3 spell: Ozocubu's Armour
  1411 | D:2      | Learned a level 4 spell: Summon Ice Beast
  1547 | D:2      | Noticed a centaur
  1571 | D:2      | Killed a centaur
  1571 | D:2      | Reached skill level 7 in Ice Magic
  1571 | D:2      | Reached XP level 6. HP: 4/45 MP: 10/10
  1629 | D:2      | Found an ornate altar of the Wu Jian Council.
  1781 | D:1      | Reached * piety under Vehumet
  1781 | D:1      | Offered knowledge of Foxfire by Vehumet.
  2137 | D:1      | Found an opulent altar of Gozag.
  2826 | D:4      | Found a white marble altar of Elyvilon.
  2882 | D:4      | Found a glowing golden altar of the Shining One.
  2995 | D:4      | Learned a level 1 spell: Foxfire
  3151 | D:5      | Reached XP level 7. HP: 40/50 MP: 11/11
  3175 | D:5      | Reached skill level 8 in Ice Magic
  3277 | D:5      | Offered knowledge of Searing Ray by Vehumet.
  3292 | D:5      | Reached ** piety under Vehumet
  3354 | D:5      | Noticed Blork the orc
  3644 | D:5      | Killed Blork the orc
  3656 | D:5      | Found a shimmering blue altar of Sif Muna.
  3729 | D:5      | Reached skill level 9 in Ice Magic
  3893 | D:6      | Reached XP level 8. HP: 57/57 MP: 13/13
  4049 | D:6      | Found a shadowy altar of Dithmenos.
  4152 | D:6      | Noticed Prince Ribbit
  4234 | D:6      | Killed Prince Ribbit
  4307 | D:6      | Learned a level 4 spell: Hailstorm
  4379 | D:6      | Learned a level 1 spell: Freeze
  4415 | D:6      | Reached skill level 5 in Spellcasting
  4422 | D:6      | Reached skill level 10 in Ice Magic
  4432 | D:6      | Found a bloodstained altar of Trog.
  4562 | D:6      | Found a shimmering altar of Xom.
  4575 | D:6      | Offered knowledge of Inner Flame by Vehumet.
  4654 | D:6      | Reached XP level 9. HP: 62/62 MP: 16/16
  4857 | D:7      | Reached skill level 11 in Ice Magic
  4882 | D:7      | Found a staircase to the Ecumenical Temple.
  4927 | D:7      | Got a pair of bloodstained boots
  5029 | D:7      | Found a shimmering altar of Xom.
  5046 | D:7      | Found a burning altar of Makhleb.
  5059 | D:7      | Identified the cursed +0 pair of boots "Buanamidd" {rN+}
                  | (You found it on level 7 of the Dungeon)
  5065 | D:7      | Found a glowing silver altar of Zin.
  5065 | D:7      | Noticed an angel
  5065 | D:7      | Noticed a blizzard demon
  5089 | D:7      | Noticed Duvessa
  5092 | D:7      | Noticed Dowan
  5100 | D:7      | Killed Duvessa
  5100 | D:7      | Killed Dowan
  5152 | D:7      | Noticed Harold
  5196 | D:7      | Killed Harold
  5196 | D:7      | Reached skill level 12 in Ice Magic
  5831 | D:7      | Found a hide-covered altar of Uskayaw.
  5873 | D:8      | Found a basalt altar of Yredelemnul.
  5921 | D:8      | Found an iron altar of Okawaru.
  5931 | D:8      | Reached XP level 10. HP: 55/69 MP: 19/19
  5963 | D:8      | Reached *** piety under Vehumet
  6079 | D:8      | Reached skill level 13 in Ice Magic
  6332 | D:8      | Offered knowledge of Conjure Flame by Vehumet.
  6720 | D:9      | Found Ezoewkup's Assorted Antiques.
  7284 | D:9      | Found an ancient bone altar of Kikubaaqudgha.
  7459 | D:10     | Entered Level 10 of the Dungeon
  7459 | D:10     | Found a staircase to the Lair.
  7588 | D:10     | Reached **** piety under Vehumet
  7697 | D:10     | Reached skill level 14 in Ice Magic
  7762 | D:10     | Offered knowledge of Iskenderun's Battlesphere by Vehumet.
  8073 | D:11     | Reached XP level 11. HP: 11/74 MP: 22/22
  8146 | D:11     | Noticed a cyclops
  8160 | D:11     | Killed a cyclops
  8162 | D:11     | Found a shimmering altar of Xom.
  8172 | D:11     | Found an ancient bone altar of Kikubaaqudgha.
  8173 | D:11     | Noticed an oklob plant
  8178 | D:11     | Killed an oklob plant
  8228 | D:11     | HP: 1/74 [orc/+0 flail (4)]
  8231 | D:11     | Mangled by an orc

Levels and vault maps discovered:
D:1:      dpeg_arrival_water_altar, layout_loops_ring
D:2:      layout_basic, lemuel_round_altar
D:3:      layout_rooms, lemuel_doored_altar, first_ration
D:4:      layout_cave_pools, fiery_altar_vehumet, lemuel_crystal_altar,
          elyvilon_altar_4, nicolae_tso_swordbearing_angel,
          overflow_temple_1_default
D:5:      layout_rooms, tgw_sif, fountainhead, minmay_gold_behind_fungi,
          grunt_ministairs_2
D:6:      layout_gridville, trog_eyes_of_draining,
          nicolae_overflow_crystal_walls, xom_butterflies,
          grunt_decor_mini_mirrors, uniq_prince_ribbit1
D:7:      layout_loops_corners, grunt_temple_overflow_order_and_chaos_2,
          kennysheep_mini_moat, temple_fountains, basic_altar,
          minmay_liquid_box, lightli_minifort, uniq_harold, uniq_duvessa
D:8:      layout_loops_ring, okawaru_humans, basic_altar
D:9:      layout_rooms, marbit_many_paths, serial_shops,
          nicolae_shop_waterfront, grunt_pizzeria, item_on_display_a
D:10:     layout_big_octagon, lair_entry_dummy
D:11:     layout_roguey, basic_altar, ebering_ghost_gozag, serial_shops, shop,
          lemuel_oklob_altar, uniq_snorg, uniq_grum

Skill      XL: |  1  2  3  4  5  6  7  8  9 10 |
---------------+-------------------------------+-----
Spellcasting   | 2 3 4 5 6 8 |  8.5
Ice Magic      | 5 6 7 9 10 12 14 | 14.9
Dodging        | |  1.7
Stealth        | |  2.1

Action                   |  1- 3 |  4- 6 |  7- 9 | 10-12 || total
-------------------------+-------+-------+-------+-------++-------
Melee: Unarmed           |    13 |       |       |       ||    13
       Short sword       |    15 |   125 |   111 |   209 ||   460
Throw: Dart              |       |     1 |       |       ||     1
 Cast: Freeze            |    25 |       |    39 |    32 ||    96
       Frozen Ramparts   |     3 |    11 |    31 |    38 ||    83
       Foxfire           |       |    13 |    34 |       ||    47
       Hailstorm         |       |       |     3 |    17 ||    20
       Summon Ice Beast  |       |       |     2 |    13 ||    15
  Use: Scroll            |     8 |     7 |     7 |     4 ||    26
       Potion            |       |       |     3 |       ||     3
 Stab: Sleeping          |     2 |     1 |     3 |     1 ||     7
  Eat: Chunk             |     7 |    21 |    25 |    40 ||    93
Armor: Robe              |     7 |    55 |    50 |   123 ||   235
Dodge: Dodged            |    40 |   113 |    94 |   143 ||   390

Table legend:
 A = Non-vault XP
 B = Vault XP
 C = Vault XP percentage of total XP
 D = Non-vault monster count
 E = Vault monster count
 F = Vault count percentage of total count
                 A         B        C        D         E       F
            +---------+---------+-------+---------+---------+-------
      Total |    7174 |    3588 |  33.3 |     196 |      20 |   9.3
            +---------+---------+-------+---------+---------+-------
        D:1 |      26 |       0 |   0.0 |      16 |       0 |   0.0
        D:2 |     206 |       0 |   0.0 |      21 |       0 |   0.0
        D:3 |      61 |       0 |   0.0 |      18 |       0 |   0.0
        D:4 |     171 |       0 |   0.0 |      12 |       0 |   0.0
        D:5 |     566 |     156 |  21.6 |      20 |       3 |  13.0
        D:6 |     333 |     873 |  72.4 |      21 |       6 |  22.2
        D:7 |     781 |    1396 |  64.1 |      12 |       6 |  33.3
        D:8 |    1191 |     374 |  23.9 |      23 |       2 |   8.0
        D:9 |     632 |     254 |  28.7 |       9 |       2 |  18.2
       D:10 |    2090 |       0 |   0.0 |      31 |       0 |   0.0
       D:11 |    1117 |     535 |  32.4 |      13 |       1 |   7.1
            +---------+---------+-------+---------+---------+-------
